AoeStats
← Raul Selección

Lombardia

509467406Analyzed
4v4 RM · 5d ago on Sep 26, 2026· 53m 34s· 8 players
Game mode
Random Map
Map size
Large (8 player)
Population
200
Speed
Normal
Resources
Standard
Victory
Conquest
Starting age
Dark Age
Ending age
Imperial Age
RankedLock teamsTeams togetherTeam positionsShared explorationLock speedFull tech treeHidden civsTurbo modeCheats
Victory
Defeat
🇯🇵 Magyars · Japan
1013
+15
🇪🇸 Varangians · Spain
1001
+15
🇪🇸 Italians · Spain
999
+15
🇺🇸 Danes · United States
993
+16
🇵🇪 Varangians · Peru
1089
-19
🇨🇱 Mongols · Chile
1034
-50
🇨🇱 Koreans · Chile
944
-14
🇦🇷 Italians · Argentina
870
-11
CHOCORRAMERO
10:14 Feudal Age
11:19 Double-Bit Axe
17:19 Castle Age
15:54 Stone Mining
18:30 Bow Saw
27:36 Fletching
28:05 Horse Collar
30:00 Gold Mining
30:45 Forging
33:11 Iron Casting
33:08 Ballistics
35:13 Wheelbarrow
36:59 Hand Cart
37:50 Scale Mail Armor
38:36 Squires
38:22 Arson
38:59 Heavy Plow
42:35 Imperial Age
42:39 Chain Mail Armor
42:43 Hamask
43:22 Cranequins
45:10 Elite Varangian Guard
46:53 Blast Furnace
49:39 Gold Shaft Mining
51:17 Bodkin Arrow
51:55 Plate Mail Armor
52:05 Northmen's Fury
3loi1123
2:38 Loom
11:57 Feudal Age
13:18 Double-Bit Axe
14:04 Bloodlines
21:00 Castle Age
22:15 Husbandry
21:36 Light Cavalry
23:19 Bow Saw
28:33 Town Watch
29:57 Stone Mining
33:29 Scale Barding Armor
33:35 Forging
34:16 Vendel Legacy
35:56 Wheelbarrow
35:22 Town Patrol
35:12 Horse Collar
40:58 Imperial Age
38:45 Hand Cart
41:09 Cavalier
43:47 Capped Ram
45:56 Iron Casting
45:42 Chain Barding Armor
44:58 Hussar
46:36 Stone Shaft Mining
45:51 Gold Mining
46:39 Conscription
49:24 Siege Ram
51:58 Two-Man Saw
Raul Selección
7:06 Loom
7:36 Loom
11:48 Feudal Age
13:03 Horse Collar
13:14 Double-Bit Axe
19:39 Castle Age
17:32 Fletching
19:41 Crossbowman
20:34 Thumb Ring
28:02 Heavy Plow
29:34 Elite Skirmisher
33:25 Padded Archer Armor
34:53 Leather Archer Armor
35:49 Bodkin Arrow
36:24 Ballistics
38:52 Wheelbarrow
51:04 Imperial Age
48:54 Bow Saw
51:31 Hand Cart
53:04 Bracer
53:35 Ring Archer Armor
53:29 Conscription
54:04 Crop Rotation
54:36 Two-Man Saw
LWwcnm
10:42 Feudal Age
11:50 Horse Collar
14:39 Bloodlines
21:27 Castle Age
19:22 Double-Bit Axe
19:54 Stone Mining
20:12 Gold Mining
21:51 Light Cavalry
23:06 Loom
29:48 Ballistics
31:18 Wheelbarrow
31:22 Fletching
33:56 Scale Barding Armor
35:09 Hand Cart
35:47 Chain Barding Armor
36:16 Husbandry
41:20 Imperial Age
42:37 Gold Shaft Mining
42:04 Heavy Plow
42:26 Conscription
41:29 Cavalier
43:08 Plate Barding Armor
45:14 Chemistry
44:12 Paladin
45:43 Town Watch
46:31 Crop Rotation
46:43 Bodkin Arrow
51:11 Town Patrol
52:17 Corvinian Army
51:38 Elite Magyar Huszar
soyshishigank
6:30 Loom
11:08 Feudal Age
13:50 Double-Bit Axe
17:30 Castle Age
32:13 Wheelbarrow
39:49 Scale Barding Armor
YB
10:02 Loom
11:48 Feudal Age
16:11 Castle Age
14:57 Double-Bit Axe
16:16 Wheelbarrow
21:24 Bow Saw
28:30 Elite Skirmisher
30:38 Gambesons
30:55 Squires
31:24 Scale Mail Armor
33:52 Forging
36:05 Chain Mail Armor
36:48 Iron Casting
39:45 Hand Cart
46:28 Imperial Age
43:24 Vendel Legacy
45:25 Arson
46:29 Gothikon
46:36 Gothikon
47:36 Conscription
46:51 Elite Varangian Guard
49:03 Bloodlines
50:05 Plate Mail Armor
51:48 Blast Furnace
52:26 Horse Collar
IZKYBIN
11:00 Feudal Age
11:04 Feudal Age
11:51 Feudal Age
15:28 Castle Age
13:30 Horse Collar
13:43 Double-Bit Axe
17:19 Loom
23:30 Bloodlines
25:30 Scale Barding Armor
28:47 Wheelbarrow
27:57 Town Watch
29:05 Scale Mail Armor
33:29 Chain Barding Armor
33:58 Forging
37:09 Fletching
41:22 Bodkin Arrow
45:06 Imperial Age
42:36 Town Watch
43:24 Padded Archer Armor
44:15 Iron Casting
44:51 Heavy Plow
45:03 Bow Saw
46:23 Husbandry
50:00 Hand Cart
51:56 Chemistry
50:47 Light Cavalry
51:54 Town Patrol
52:20 Elite Mangudai
Policarpo6012
8:11 Loom
9:57 Feudal Age
12:38 Double-Bit Axe
13:27 Town Watch
13:42 Fletching
15:49 Padded Archer Armor
16:01 Horse Collar
17:07 Wheelbarrow
21:19 Castle Age
22:44 Bow Saw
23:12 Heavy Plow
24:33 Hand Cart
24:38 Crossbowman
29:09 Thumb Ring
31:19 Bodkin Arrow
33:30 Leather Archer Armor
38:04 Gold Mining
39:52 Ballistics
39:43 Masonry
45:53 Town Patrol
48:24 Imperial Age
47:25 Stone Mining
49:48 Stone Shaft Mining
50:45 Arbalester
53:39 Forging
Connection lost

Rejoining the realm…

Still unreachable

The connection could not be restored.

Session expired

The server has moved on; the page needs a fresh start.